 Dungeon Crawl Stone Soup version 0.31.0-11-ge490571c62 (webtiles) character file.

Game seed: 8036997633943545534

16738 James the Spear-Bearer (level 12, -7/106 HPs)
             Began as a Ghoul Necromancer on Feb 10, 2024.
             Was a Believer of Kikubaaqudgha.
             Mangled by a reaper
             ... wielding a -4 scythe of freezing
              (23 damage)
             ... in an ice cave.
             The game lasted 01:00:36 (16882 turns).

James the Spear-Bearer (Ghoul Necromancer)         Turns: 16882, Time: 01:00:37

Health: -7/106     AC: 14    Str: 18    XL:     12   Next: 40%
Magic:  19/19      EV: 10    Int: 18    God:    Kikubaaqudgha [**....]
Gold:   754        SH:  7    Dex:  9    Spells: 8/21 levels left

rFire   . . .        b - +7 trident (drain)
rCold   + + .        P - +0 kite shield
rNeg    + + +        I - +0 acid dragon scales
rPois   ∞            x - +2 helmet {SInv}
rElec   +            (no cloak)
rCorr   +            (no gloves)
SInv    +            j - +2 pair of boots of Proximity {-Tele rElec rN+ Str+5}
Will    .....        (no amulet)
Stlth   ++           o - ring of protection from cold
HPRegen 0.00/turn    B - ring of wizardry
MPRegen 0.16/turn

%: no teleportation, wizardry (x1)
@: mighty, inhibited regen, hasted, very quick
A: claws 1, cold resistance 1, negative energy resistance 3, inhibited
regeneration, torment resistance 2, devour on kill
a: Renounce Religion, Unearth Wretches


You were in an ice cave.
You worshipped Kikubaaqudgha.
Kikubaaqudgha was pleased with you.
You visited 2 branches of the dungeon, and saw 12 of its levels.
You also visited: Bailey and Ice Cave.

You collected 754 gold pieces.

Inventory:

Hand Weapons
 b - a +7 trident of draining (weapon)
   (You took it off Jeremiah on level 6 of the Dungeon)
 c - a +2 sling of flaming
   (You took it off Joseph on level 9 of the Dungeon)
Missiles
 a - 2 throwing nets {!f}
 z - 6 atropa-tipped darts
 G - 17 boomerangs (quivered)
 L - 15 poisoned darts
Armour
 e - +0 ice dragon scales
   (You found it in an ice cave)
 i - an orb of light
   (You found it on level 4 of the Dungeon)
 j - the +2 pair of boots of Proximity (worn) {-Tele rElec rN+ Str+5}
   (You acquired it on level 10 of the Dungeon)

   Str+5:     It affects your strength (+5).
   rElec:     It insulates you from electricity.
   rN+:       It protects you from negative energy.
   -Tele:     It prevents most forms of teleportation.
 x - a +2 helmet of see invisible (worn)
   (You found it on level 11 of the Dungeon)
 I - +0 acid dragon scales (worn)
   (You found it on level 9 of the Dungeon)
 P - a +0 kite shield (worn)
   (You took it off a gnoll sergeant on level 10 of the Dungeon)
Jewellery
 o - a ring of protection from cold (left claw)
   (You found it on level 5 of the Dungeon)
 B - a ring of wizardry (right claw)
   (You found it on level 11 of the Dungeon)
 W - a +6 ring of dexterity
   (You found it on level 11 of the Dungeon)
Wands
 d - a wand of iceblast (8)
   (You found it on level 4 of the Dungeon)
 n - a wand of mindburst (6)
   (You found it in an ice cave)
 t - a wand of flame (24)
   (You took it off Grinder on level 3 of the Dungeon)
 v - a wand of digging (6)
   (You found it in an ice cave)
 S - a wand of charming (6)
   (You found it on level 11 of the Dungeon)
 T - a wand of polymorph (3)
   (You took it off Joseph on level 9 of the Dungeon)
Scrolls
 g - a scroll of noise {unknown}
 u - 2 scrolls of blinking
 w - 7 scrolls of teleportation {@r4}
 y - 2 scrolls of vulnerability {unknown}
 H - a scroll of butterflies
 J - a scroll of revelation
 K - a scroll of brand weapon {unknown}
 M - a scroll of fog
 N - a scroll of immolation {unknown}
 R - a scroll of torment {unknown}
 U - 5 scrolls of enchant armour
 Y - 5 scrolls of amnesia
Potions
 f - 6 potions of magic
 h - 6 potions of curing {@q1}
 k - a potion of cancellation
 l - 3 potions of invisibility
 m - a potion of lignification {unknown}
 p - a potion of resistance
 A - 3 potions of enlightenment
 E - 2 potions of brilliance {unknown}
 F - 3 potions of haste {@q3}
 Q - a potion of might
 V - a potion of heal wounds {@q2}
 Z - a potion of ambrosia


   Skills:
 - Level 10.0 Fighting
 - Level 10.5 Polearms
 - Level 7.0 Armour
 - Level 2.0 Dodging
 - Level 3.0 Stealth
 + Level 3.2 Shields
 - Level 5.0 Spellcasting
 - Level 10.0 Necromancy


You had 8 spell levels left.
You knew the following spells:

 Your Spells              Type           Power      Damage    Failure   Level
a - Necrotise             Necr           100%       1d9       1%          1
b - Curse of Agony        Necr           40%        N/A       9%          5
q - Vampiric Draining     Necr           40%        2d8       1%          3
u - Animate Dead          Necr           40%        N/A       3%          4

Your spell library contained the following spells:

 Spells                   Type           Power      Damage    Failure   Level
 Kiss of Death            Conj/Necr      88%        2d12      2%          1
 Cigotuvi's Dreadful Rot  Necr/Alch/Air  32%        N/A       8%          2
 Apportation              Tloc           8%         N/A       17%         1
 Freeze                   Ice            16%        1d4       17%         1
 Sting                    Conj/Alch      16%        1d4       17%         1
 Summon Small Mammal      Summ           16%        N/A       17%         1
 Call Imp                 Summ           8%         N/A       26%         2
 Ensorcelled Hibernation  Hex/Ice        8%         N/A       26%         2
 Jinxbite                 Hex            8%         N/A       26%         2
 Frozen Ramparts          Ice            8%         1d2       45%         3
 Hailstorm                Conj/Ice       4%         3d5       45%         3
 Ozocubu's Armour         Ice            4%         N/A       45%         3
 Passwall                 Erth           4%         N/A       45%         3
 Swiftness                Air            4%         N/A       45%         3
 Volatile Blastmotes      Fire/Tloc      8%         2d10      45%         3
 Fulminant Prism          Conj/Alch      2%         3d5       85%         4
 Iskenderun's Mystic Bla  Conj/Tloc      4%         2d3       85%         4
 Vhi's Electric Charge    Tloc/Air       8%         N/A       85%         4
 Alistair's Intoxication  Alch           2%         N/A       99%         5
 Arcjolt                  Conj/Air       2%         1d12      99%         5
 Metabolic Englaciation   Hex/Ice        2%         N/A       99%         5
 Plasma Beam              Fire/Air       2%         2x1d12    100%        6
 Sculpt Simulacrum        Ice/Alch       2%         N/A       100%        6
 Summon Hydra             Summ           2%         N/A       100%        7
 Sublimation of Blood     Necr           Unusable   N/A       N/A         2

Dungeon Overview and Level Annotations

Branches:
Dungeon (11/15)            Temple (1/1) D:5            Lair (0/5) D:9
 Bailey (visited)           IceCv (1/1)
    Orc: D:9-12

Altars:
Ashenzari
Cheibriados
Dithmenos
Fedhas
Gozag
Hepliaklqana
Kikubaaqudgha
Makhleb
Nemelex Xobeh
Okawaru
Qazlal
Ru
Sif Muna
Trog
Uskayaw
Vehumet
Wu Jian
Xom
Yredelemnul

Shops:
D:2 [   D:9 :   D:10 ?

Annotations:
D:9 3 runed translucent doors, Zantyr's ghost, journeyman HOFi; topfpfpflanze's ghost, novice OpCj


Innate Abilities, Weirdness & Mutations

You are immune to poison.
You have sharp fingernails.
Your flesh is cold resistant. (rC+)
You are immune to negative energy. (rN+++)
You do not regenerate when monsters are visible.
You are immune to unholy pain and torment.
You thrive by killing the living.


Message History

Press: ? - help, . - travel You can't see that place. [the floor.]
Okay, then.
You feel very mighty all of a sudden.
You closely miss the reaper. You hit the reaper. The reaper barely misses you.
You puncture the reaper! The reaper hits you but does no damage.
You puncture the reaper!
The reaper hits you with a -4 scythe of freezing!!
The reaper freezes you.
You impale the reaper!!
The reaper hits you with a -4 scythe of freezing!
The reaper freezes you.
Okay, then.
You barely miss the reaper. You block the reaper's attack.
You feel yourself speed up. The reaper barely misses you.
You hit the reaper.
The reaper hits you with a -4 scythe of freezing!!
* * * LOW HITPOINT WARNING * * *
The reaper freezes you.
* * * LOW HITPOINT WARNING * * *
You hit the reaper but do no damage. You hit the reaper but do no damage.
The reaper hits you with a -4 scythe of freezing!
* * * LOW HITPOINT WARNING * * *
The reaper freezes you.
* * * LOW HITPOINT WARNING * * *
You feel much better.
The reaper hits you with a -4 scythe of freezing.
* * * LOW HITPOINT WARNING * * *
Reach: b) +7 trident (drain)
Press: ? - help, Dir - move target, f - reaper
Aim: a reaper, wielding a -4 scythe of freezing (heavily wounded, about 29% to evade your +7 trident of draining)
Okay, then.
Unknown command.
Press: ? - help, v - describe, . - travel
Here: a reaper, wielding a -4 scythe of freezing (heavily wounded)
The floor.
Unknown command.
You hit the reaper. You impale the reaper!!
The reaper hits you with a -4 scythe of freezing!
* * * LOW HITPOINT WARNING * * *
The reaper freezes you.
* * * LOW HITPOINT WARNING * * *
You hit the reaper.
The reaper hits you with a -4 scythe of freezing!!
You die...
Kikubaaqudgha rasps: "You have failed me!
Welcome... oblivion!"

##.#..⌠..## #..#
##.....## ###.
####...## ## ##...####
###....#######
###...#....### ###
###....##... ##2######
#########.
###.#@#!.)## ###...
#.2###.....# ##....#
###..##...######....##
#..2##..#####.....###
#.Z.###..####.....##


#ZZ.Z ##...#....### ##... ###....### ###. #####..# $. #.## You could see a
reaper.

Vanquished Creatures
  An orc warlord (Bailey)
  2 two-headed ogres
  Pikel (D:7)
  An orc knight (Bailey)
  Joseph (D:9)
  An ice statue (IceCv)
  Jeremiah (D:6)
  A komodo dragon (D:10)
  A freezing wraith (IceCv)
  2 trolls
  2 hornets
  2 polar bears (D:9)
  Grinder (D:3)
  2 wraiths
  A wyvern (D:9)
  A vampire (D:11)
  3 shadows
  10 yaks
  Grum (D:8)
  4 steam dragons
  A basilisk (D:10)
  2 death yak simulacra (IceCv)
  4 acid dragons
  2 water moccasins
  3 ice beasts
  A black bear (D:6)
  17 orc warriors
  A sky beast (D:8)
  3 wolves
  4 centaurs
  A phantom (D:4)
  A kobold brigand (D:9)
  Blork the orc (D:4)
  3 bullfrogs
  2 gnoll sergeants
  3 two-headed ogre simulacra
  A scorpion (D:5)
  7 wights
  5 killer bees
  2 elephant simulacra (IceCv)
  3 electric eels (D:9)
  7 howler monkeys
  A jelly (D:3)
  4 bombardier beetles
  A gnoll bouda (D:3)
  9 hounds
  6 orc priests
  7 iguanas
  Natasha (thrice) (D:3)
  10 orc wizards
  4 spriggan simulacra
  A polar bear simulacrum (IceCv)
  3 wolf simulacra (IceCv)
  6 troll simulacra (IceCv)
  A killer bee simulacrum (D:9)
  18 gnolls
  7 naga simulacra
  7 adders
  A howler monkey simulacrum (D:9)
  9 white imps
  13 ufetubi
  5 ribbon worms
  36 orcs
  14 endoplasms
  4 giant cockroaches
  17 goblins
  18 hobgoblins
  16 kobolds
  3 quokkas (D:1)
  3 ball pythons
  4 bats
  4 frilled lizards
  2 rats
350 creatures vanquished.

Vanquished Creatures (collateral kills)
  A troll (D:9)
  A gnoll sergeant (D:10)
  2 wights (D:10)
  2 gnolls
  2 hobgoblins (Bailey)
  A frilled lizard (D:10)
9 creatures vanquished.

Vanquished Creatures (others)
  4 yak zombies (D:10)
  6 gnoll zombies
  5 goblin zombies (Bailey)
  5 hobgoblin zombies (Bailey)
  2 kobolds (D:9)
  A kobold zombie (D:9)
  8 orc zombies (Bailey)
31 creatures vanquished.

Grand Total: 390 creatures vanquished

Notes
Turn   | Place    | Note
-------+----------+-------------------------------------------
     0 | D:1      | James the Ghoul Necromancer began the quest for the Orb.
     0 | D:1      | Reached XP level 1. HP: 14/14 MP: 3/3
   116 | D:1      | Reached XP level 2. HP: 22/22 MP: 5/5
   164 | D:1      | Reached skill level 1 in Fighting
   526 | D:1      | Reached XP level 3. HP: 28/28 MP: 6/6
   534 | D:1      | Learned a level 3 spell: Vampiric Draining
   946 | D:2      | Found Fiomahad's Antique Armour Shoppe.
  1137 | D:2      | Reached XP level 4. HP: 36/36 MP: 7/7
  1816 | D:3      | Noticed Natasha
  1824 | D:3      | Killed Natasha
  1900 | D:3      | Reached XP level 5. HP: 37/42 MP: 8/8
  2010 | D:3      | Reached skill level 1 in Armour
  2058 | D:3      | Noticed an ogre
  2153 | D:3      | Noticed Natasha
  2243 | D:3      | Killed Natasha
  2320 | D:3      | Found a burning altar of Makhleb.
  2323 | D:3      | Found a basalt altar of Yredelemnul.
  2446 | D:3      | Reached XP level 6. HP: 40/51 MP: 3/10
  2517 | D:3      | Reached skill level 5 in Necromancy
  2604 | D:3      | Noticed Natasha
  2614 | D:3      | Killed Natasha
  2983 | D:3      | Found a snail-covered altar of Cheibriados.
  3507 | D:3      | Noticed Grinder
  3515 | D:3      | Paralysed by Grinder for 4 turns
  3538 | D:3      | Killed Grinder
  3539 | D:3      | Reached XP level 7. HP: 28/57 MP: 11/13
  3644 | D:3      | Learned a level 4 spell: Animate Dead
  3981 | D:4      | Found a bloodstained altar of Trog.
  4186 | D:4      | Found a sparkling altar of Nemelex Xobeh.
  4503 | D:4      | You fall into a shaft and drop 3 floors!
  4783 | D:6      | Reached XP level 8. HP: 63/64 MP: 10/14
  4801 | D:5      | Entered Level 5 of the Dungeon
  5313 | D:4      | Noticed Blork the orc
  5364 | D:4      | Killed Blork the orc
  6235 | D:5      | Reached skill level 5 in Spellcasting
  6496 | D:5      | Found a staircase to the Ecumenical Temple.
  6503 | Temple   | Entered the Ecumenical Temple
  6845 | D:6      | Reached skill level 5 in Fighting
  7070 | D:6      | Reached XP level 9. HP: 71/74 MP: 9/16
  7816 | D:6      | Noticed Jeremiah
  7844 | D:6      | Killed Jeremiah
  7975 | D:6      | Reached skill level 1 in Polearms
  8790 | D:7      | Noticed Pikel
  8818 | D:7      | Killed Pikel
  8819 | D:7      | Reached skill level 5 in Polearms
  9150 | D:7      | Reached XP level 10. HP: 69/84 MP: 17/17
  9457 | D:8      | Identified the +8 flail of Eternal Harmony {freeze, Int+4}
  9894 | D:8      | Found a sacrificial altar of Ru.
  9901 | D:8      | Noticed Grum
  9909 | D:8      | Killed Grum
 10091 | D:8      | Found a blossoming altar of Fedhas.
 10206 | D:9      | Found a broken altar of Ashenzari.
 10208 | D:9      | Found a shimmering blue altar of Sif Muna.
 10208 | D:9      | Found an iron altar of Okawaru.
 10272 | D:9      | Noticed a two-headed ogre
 10286 | D:9      | Killed a two-headed ogre
 10297 | D:9      | Noticed Joseph
 10309 | D:9      | HP: 3/84 [howler monkey (3)]
 10317 | D:9      | Killed Joseph
 10318 | D:9      | Reached skill level 5 in Armour
 10334 | D:9      | HP: 2/86 [polar bear (13)]
 10734 | D:9      | Found a flagged portal.
 10743 | Bailey   | Entered a bailey
 10889 | Bailey   | Learned a level 5 spell: Curse of Agony
 10977 | Bailey   | Reached XP level 11. HP: 87/92 MP: 13/18
 11427 | Bailey   | Reached skill level 10 in Polearms
 11463 | Bailey   | Noticed an orc knight
 11480 | Bailey   | Killed an orc knight
 11611 | Bailey   | Noticed an orc warlord
 11636 | Bailey   | Killed an orc warlord
 11952 | D:9      | Reached skill level 10 in Necromancy
 11957 | D:10     | Entered Level 10 of the Dungeon
 12116 | D:9      | Found Haimupt's Vocational Training.
 12127 | D:9      | Found an ancient bone altar of Kikubaaqudgha.
 12153 | D:9      | Found a stormy altar of Qazlal.
 12505 | D:9      | Found a runed translucent gate.
 12505 | D:9      | Noticed Zantyr's ghost (journeyman HOFi)
 12506 | D:9      | Found a runed translucent gate.
 12507 | D:9      | Found a runed translucent gate.
 12508 | D:9      | Noticed topfpfpflanze's ghost (novice OpCj)
 12656 | D:9      | Found a staircase to the Lair.
 13474 | D:10     | Found Ykyitway's Magic Scroll Shop.
 13617 | D:10     | Reached XP level 12. HP: 79/105 MP: 16/19
 14004 | D:9      | Became a worshipper of Kikubaaqudgha
 14110 | D:10     | Acquired the +2 pair of boots of Proximity {-Tele rElec rN+
                  | Str+5}
 14136 | D:11     | Noticed a two-headed ogre
 14140 | D:11     | Killed a two-headed ogre
 14143 | D:11     | Reached skill level 10 in Fighting
 14558 | D:11     | Found a frozen archway.
 14601 | IceCv    | Entered an ice cave
 15014 | IceCv    | Reached * piety under Kikubaaqudgha
 15014 | IceCv    | Received a gift from Kikubaaqudgha
 15015 | IceCv    | Reached skill level 1 in Shields
 16652 | IceCv    | Reached ** piety under Kikubaaqudgha
 16863 | IceCv    | Noticed a reaper
 16882 | IceCv    | Mangled by a reaper

Illustrated notes

Levels and vault maps discovered:
D:1:      amcnicky_arrival_abandoned_market, layout_basic
D:2:      layout_loops_corners, serial_shops, shop, minmay_tetromino_o2
D:3:      layout_basic, cheibrodos_worm_habitat, nicolae_overflow_squiral,
          minmay_goblin_kobold_house, uniq_grinder, uniq_natasha
D:4:      layout_layer_cave, nemelex_dance_club_becter,
          mainiacjoe_overflow_concentric_impassable, skrybe_limestone_x,
          uniq_blork_the_orc
D:5:      layout_basic, minmay_temple_entry_fiery
D:6:      layout_basic, st_stairs_9, nicolae_sextant, nicolae_tricolors,
          uniq_jeremiah
D:7:      layout_basic, chequers_serial_rivers_micro_b, uniq_pikel
D:8:      layout_rooms, mainiacjoe_overflow_alcove_1,
          mainiacjoe_overflow_brackets, uniq_grum
D:9:      layout_basic, nicolae_overflow_hidden_temple, erik_lair_island,
          gammafunk_ghost_cemetery, enter_bailey_5, serial_ice, serial_ice_f,
          serial_ice_e, serial_ice_d, serial_ice_c, serial_ice_a,
          nicolae_shop_vocational, uniq_joseph
D:10:     layout_rooms, serial_shops, nicolae_shop_advertising_works
          [nicolae_subvault_shop_adworks], minmay_lizard_king
D:11:     layout_rooms, portal_ice_cave_entry_ice_simulacra
Temple:   eino_temple_lava
IceCv:    ice_cave_caverns_01

Skill      XL: |  1  2  3  4  5  6  7  8  9 10 11 12 |
---------------+-------------------------------------+-----
Spellcasting   | 2 3 4 5 |  5.0
Fighting       | 1 2 3 5 6 7 9 10 | 10.0
Dodging        | 2 |  2.0
Armour         | 1 2 4 5 6 7 |  7.0
Stealth        | 3 |  3.0
Necromancy     | 6 7 8 10 | 10.0
Polearms       | 5 9 10 | 10.5
Shields        | 3 |  3.2

Action                     |  1- 3 |  4- 6 |  7- 9 | 10-12 || total
---------------------------+-------+-------+-------+-------++-------
  Melee: Unarmed           |    34 |       |       |       ||    34
         Dagger            |    80 |   157 |   348 |       ||   585
         Punch             |       |     1 |       |       ||     1
         Trident           |       |       |    25 |   722 ||   747
  Throw: Boomerang         |       |       |     5 |       ||     5
   Cast: Necrotise         |     2 |       |     3 |     6 ||    11
         Vampiric Draining |     1 |     7 |    14 |    21 ||    43
         Animate Dead      |       |       |       |    11 ||    11
         Curse of Agony    |       |       |       |     1 ||     1
    Use: Scroll            |       |       |    23 |     2 ||    25
         Potion            |       |       |       |     5 ||     5
   Stab: Sleeping          |     6 |     3 |     3 |     1 ||    13
         Distracted        |       |       |       |     4 ||     4
 Armour: Robe              |    58 |       |       |       ||    58
         Leather armour    |     2 |    95 |   305 |   379 ||   781
         Acid dragon scale |       |       |       |   204 ||   204
  Dodge: Dodged            |    62 |    79 |   244 |   393 ||   778
  Block: Kite shield       |       |       |       |    57 ||    57
